 Dungeon Crawl Stone Soup version 0.30-a0-956-gcec3b41aec (webtiles) character file.

Game seed: 7746806348530298540

68 vishdafish the Conjurer (level 4, 30/30 HPs)
             Began as a Demonspawn Conjurer on Mar 30, 2023.
             Quit the game on level 2 of the Dungeon.
             The game lasted 00:01:43 (1805 turns).

vishdafish the Conjurer (Demonspawn Conjurer)       Turns: 1805, Time: 00:01:43

Health: 30/30      AC:  2    Str:  8    XL:     4   Next: 1%
Magic:  8/8        EV: 17    Int: 21    God:
Gold:   84         SH:  0    Dex: 11    Spells: 8/9 levels left

rFire   . . .      SeeInvis .    o - +1 dagger (venom)
rCold   . . .      Faith    .    (no shield)
rNeg    . . .      Spirit   .    a - +0 robe
rPois   .          Reflect  .    (no helmet)
rElec   .          Rampage  .    f - scarf {+Inv}
rCorr   .                        (no gloves)
Will    .....                    (no boots)
Stlth   ++                       (no amulet)
HPRegen 0.25/turn                c - +5 ring of evasion
MPRegen 0.11/turn                (no ring)

@: no status effects
A: demonic guardian 1, demonic touch 2
a: Evoke Invisibility


You were on level 2 of the Dungeon.
You visited 1 branch of the dungeon, and saw 2 of its levels.

You collected 84 gold pieces.

Inventory:

Hand Weapons
 o - a +1 dagger of venom (weapon)
Missiles
 l - a throwing net
Armour
 a - a +0 robe (worn)
 f - a scarf of invisibility (worn)
Jewellery
 c - a +5 ring of evasion (left hand)
Scrolls
 b - a scroll of amnesia {unknown}
 d - a scroll of acquirement {unknown}
 e - a scroll of immolation {unknown}
 h - a scroll of teleportation {unknown}
 i - a scroll of vulnerability {unknown}
 k - a scroll of fog {unknown}
 m - a scroll of identify {unknown}
 p - a scroll of fear {unknown}
Potions
 g - 6 potions of magic
 j - a potion of cancellation {unknown}
 n - a potion of haste {unknown}


   Skills:
 - Level 1.7 Dodging
 - Level 1.7 Stealth
 + Level 3.1 Spellcasting
 + Level 4.8 Conjurations


You had 8 spell levels left.
You knew the following spells:

 Your Spells              Type           Power      Damage    Failure   Level
a - Magic Dart            Conj           92%        1d7       1%          1

Your spell library contained the following spells:

 Spells                   Type           Power      Damage    Failure   Level
 Searing Ray              Conj           46%        2d6       2%          2
 Freeze                   Ice            12%        1d3       13%         1
 Dazzling Flash           Conj/Hex       26%        N/A       14%         3
 Hailstorm                Conj/Ice       13%        3d5       14%         3
 Frozen Ramparts          Ice            6%         1d1       36%         3
 Fulminant Prism          Conj/Hex       6%         3d7       43%         4
 Iskenderun's Mystic Bla  Conj/Tloc      13%        2d5       43%         4


Dungeon Overview and Level Annotations

Branches:
Dungeon (2/15)

Altars:


Innate Abilities, Weirdness & Mutations

A weak demonic guardian rushes to your aid.
Your touch may inflict irresistible damage on your foes.


Message History

You touch the frilled lizard.
You kill the frilled lizard!
No target in view!
Found an escape hatch in the floor.
You now have 84 gold pieces (gained 7).
There is an escape hatch in the floor here.
Found a robe.
A worm comes into view.
The worm closely misses you.
You hit the worm but do no damage.
The worm is poisoned.
Your touch misses the worm. You hit the worm.
You touch the worm!
The worm is almost dead.
The worm closely misses you.
You barely miss the worm.
The worm is severely wounded.
You barely miss the worm.
You touch the worm.
You kill the worm!
No target in view!
You open the door.
There is an open door here.
Found a scale mail.
g - 6 potions of magic (gained 2)
A goblin comes into view. It is wielding a +0 dagger.
A goblin is nearby!
The goblin shouts!
Found a stone staircase leading down.
The goblin completely misses you.
You closely miss the goblin. The goblin barely misses you.
You hit the goblin but do no damage. Your touch misses the goblin.
The goblin barely misses you.
You hit the goblin.
The goblin is poisoned.
Your touch misses the goblin.
The goblin is moderately wounded.
The goblin completely misses you.
You completely miss the goblin.
You touch the goblin.
You kill the goblin!
You have reached level 4!
You feel stronger.
Your demonic ancestry asserts itself...
You feel the presence of a demonic guardian.
Are you sure you want to abandon this character and quit the game? (Confirm with "yes".)

#####...#######.#.##
........# ..
#####...########.#..
##..........# .
#........[.#
#..########.# #..#
#..# #@.# #).# ...#
....# ...#.. .#..
.## ....> .. #..###
##


There were no monsters in sight!

Vanquished Creatures
  Jessica (D:2)
  A worm (D:2)
  5 ball pythons
  3 endoplasms (D:1)
  2 giant cockroaches (D:1)
  6 goblins
  4 hobgoblins
  6 kobolds
  2 quokkas (D:1)
  3 bats (D:1)
  A frilled lizard (D:2)
  2 rats (D:1)
36 creatures vanquished.

Notes
Turn   | Place    | Note
-------+----------+-------------------------------------------
     0 | D:1      | vishdafish the Demonspawn Conjurer began the quest for the
                  | Orb.
     0 | D:1      | Reached XP level 1. HP: 13/13 MP: 3/3
   292 | D:1      | Gained mutation: Your touch may inflict minor irresistible
                  | damage on your foes. [demonic ancestry]
   292 | D:1      | Reached XP level 2. HP: 19/19 MP: 1/5
   981 | D:1      | Gained mutation: Your touch may inflict irresistible damage
                  | on your foes. [demonic ancestry]
   981 | D:1      | Reached XP level 3. HP: 24/24 MP: 0/7
  1478 | D:2      | Noticed Jessica
  1482 | D:2      | Killed Jessica
  1805 | D:2      | Gained mutation: A weak demonic guardian rushes to your
                  | aid. [demonic ancestry]
  1805 | D:2      | Reached XP level 4. HP: 30/30 MP: 8/8
  1805 | D:2      | Quit the game

Illustrated notes

Levels and vault maps discovered:
D:1:      elethiomel_arrival_infinity_welcomes_careful_drivers, layout_basic,
          minmay_pentomino_v2
D:2:      layout_loops_ring, shapermc_ecumenical_altar_mp_vishouse,
          grunt_ministairs_11, uniq_jessica, uniq_sigmund

Skill      XL: |  1  2  3 |
---------------+----------+-----
Spellcasting   | 3 |  3.1
Dodging        | |  1.7
Stealth        | |  1.7
Conjurations   | |  4.8

Action                     |  1- 3 |  4- 6 || total
---------------------------+-------+-------++-------
  Melee: Unarmed           |     2 |       ||     2
         Dagger            |    10 |       ||    10
         Touch             |     5 |       ||     5
   Cast: Magic Dart        |    70 |       ||    70
    Use: Potion            |     1 |       ||     1
  Dodge: Dodged            |    16 |       ||    16

Table legend: (Time is in decaauts)
 A = Elapsed time spent in this place.
 B = Non-inter-level travel time spent in this place.
 C = Inter-level travel time spent in this place.
 D = Time resting spent in this place.
 E = Time spent auto-exploring this place.
 F = Levels seen in this place.
 G = Mean time per level.
                   A        B        C        D        E       F      G
               +--------+--------+--------+--------+--------+-----+--------+
         Total |   1803 |   1780 |     23 |      0 |   1569 |   2 |  901.5 |
       Dungeon |   1803 |   1780 |     23 |      0 |   1569 |   2 |  901.5 |
               +--------+--------+--------+--------+--------+-----+--------+

Top non-repeatable levels by time:
     D:1: 1477 daAuts
     D:2: 326 daAuts
